 Dungeon Crawl Stone Soup version 0.31.0-9-g3a7656b989 (webtiles) character file.

Game seed: 4050017824001957355

1073 qw the Skirmisher (level 8, -1/40 HPs)
             Began as a Spriggan Hunter on Feb 2, 2024.
             Was an Initiate of Okawaru.
             Slain by an orc
             ... wielding a +0 trident
              (7 damage)
             ... on level 6 of the Dungeon.
             The game lasted 00:00:19 (4278 turns).

qw the Skirmisher (Spriggan Hunter)                 Turns: 4278, Time: 00:00:20

Health: -1/40      AC:  2    Str:  7    XL:     8   Next: 7%
Magic:  9/9        EV: 27    Int: 11    God:    Okawaru [......]
Gold:   316        SH:  0    Dex: 20    Spells: 7/7 levels left

rFire   . . .        a - +2 shortbow
rCold   . . .        (shield currently unavailable)
rNeg    . . .        c - +0 robe
rPois   +            (helmet restricted)
rElec   .            (no cloak)
rCorr   .            (gloves unavailable)
SInv    +            (boots unavailable)
Will    +....        (no amulet)
Stlth   ++           m - ring of poison resistance
HPRegen 0.26/turn    n - +5 ring of evasion
MPRegen 0.11/turn

%: no passive effects
@: very quick
A: very small, no large weapons, unfitting armour, see invisible, speed 3
a: Renounce Religion


You were on level 6 of the Dungeon.
You worshipped Okawaru.
Okawaru was noncommittal.
You visited 1 branch of the dungeon, and saw 6 of its levels.

You collected 316 gold pieces.


Innate Abilities, Weirdness & Mutations

You are very small and have problems with some larger weapons.
You are too small for most types of armour.
You have supernaturally acute eyesight. (SInv)
You cover ground extremely quickly. (Speed+++)


   Skills:
 - Level 3.1 Fighting
 - Level 8.1 Ranged Weapons
 + Level 7.5 Dodging
 - Level 1.5 Stealth
 - Level 0.4 Invocations


You had 7 spell levels left.
You didn't know any spells.
Your spell library was empty.

Inventory:

Hand Weapons
 a - a +2 shortbow (weapon)
Armour
 c - a +0 robe (worn)
Jewellery
 j - a ring of fire
 m - a ring of poison resistance (left hand)
 n - a +5 ring of evasion (right hand)
 p - a +6 ring of dexterity
Wands
 b - a wand of light (9)
Potions
 e - a potion of mutation
 f - a potion of enlightenment {unknown}
 g - a potion of might {unknown}
 h - a potion of curing {unknown}
 i - a potion of cancellation {unknown}
 k - a potion of berserk rage {unknown}
 l - a potion of degeneration {unknown}
 o - a potion of resistance

Dungeon Overview and Level Annotations

Branches:
Dungeon (6/15)             Temple (0/1) D:5

Altars:
Cheibriados
Okawaru

Shops:
D:5 *


Message History

You shoot an arrow. The arrow barely misses the orc.
The orc misses you. The orc closely misses you.
You shoot an arrow.
The arrow hits the orc but does no damage.
The orc misses you. The orc closely misses you.
You shoot an arrow.
The arrow hits the orc but does no damage.
The orc hits you from afar with a +0 trident.
The orc misses you.
You shoot an arrow.
The arrow hits the orc but does no damage.
The orc misses you. The orc completely misses you.
You shoot an arrow.
The arrow hits the orc but does no damage.
The orc closely misses you. The orc completely misses you.
You shoot an arrow. The arrow barely misses the orc.
The orc barely misses you. The orc completely misses you.
You shoot an arrow.
The arrow hits the orc but does no damage.
The orc completely misses you. x2
You shoot an arrow.
The arrow hits the orc but does no damage.
The orc misses you. x2
You shoot an arrow.
The arrow hits the orc but does no damage.
The orc misses you. x2
You shoot an arrow.
The arrow hits the orc but does no damage.
The orc completely misses you. x2
You shoot an arrow. The arrow barely misses the orc.
The orc closely misses you. The orc completely misses you.
You shoot an arrow. The arrow hits the orc.
The orc is lightly wounded.
The orc completely misses you.
The orc hits you from afar with a +0 trident!
You shoot an arrow.
The arrow hits the orc but does no damage.
The orc is lightly wounded.
The orc hits you from afar with a +0 trident!
You die...

... #........#.....#...
....#..(.....#.....#...
....######...#.....#...
.........#####.....#'##
......................
#...................
+...................
#...................
#..@o...............
###)#######.....####
o). #.....#... ..)..
#.....#... ##....#
#.....#... #....#
#.....#... #....#..
#.....#... #....#..
#...).'...
#...#.<...#...


You could see 2 orcs.

Vanquished Creatures
  A hornet (D:4)
  Sigmund (D:2)
  A black bear (D:5)
  An orc warrior (D:6)
  A phantom (D:5)
  A howler monkey (D:6)
  2 hounds (D:5)
  Terence (D:3)
  5 iguanas
  An orc wizard (D:6)
  Robin (D:2)
  3 adders
  2 ribbon worms
  3 dart slugs
  11 orcs
  4 bats
  6 endoplasms
  7 giant cockroaches
  16 goblins
  12 hobgoblins
  7 jackals
  4 quokkas
  5 ball pythons
  6 frilled lizards
  3 kobolds
  6 rats
111 creatures vanquished.

Notes
Turn   | Place    | Note
-------+----------+-------------------------------------------
     0 | D:1      | qw the Spriggan Hunter began the quest for the Orb.
     0 | D:1      | Reached XP level 1. HP: 10/10 MP: 2/2
     0 | D:1      | 0 ||| qw: Version: 0.3-a-155-g5e7d8dd
     0 | D:1      | 0 ||| qw: Game counter: 2558
     0 | D:1      | 0 ||| qw: Melee chars always use a shield: true
     0 | D:1      | 0 ||| qw: God list: Okawaru
     0 | D:1      | 0 ||| qw: Allow faded altars: false
     0 | D:1      | 0 ||| qw: Do Orc after clearing Dungeon:15 true
     0 | D:1      | 0 ||| qw: Do second Lair branch before Depths: true
     0 | D:1      | 0 ||| qw: Lair rune preference: random
     0 | D:1      | 0 ||| qw: Goals: Normal
     0 | D:1      | 0 ||| PLANNING D:1-11
   144 | D:1      | Reached skill level 3 in Dodging
   212 | D:1      | Reached XP level 2. HP: 7/14 MP: 3/3
   493 | D:1      | Reached XP level 3. HP: 18/18 MP: 4/4
   795 | D:1      | 795 ||| READING scroll labelled BOLONU XIN GIRY.
   796 | D:1      | 796 ||| DROPPING scroll of butterflies.
   851 | D:2      | Noticed Sigmund
   863 | D:2      | Killed Sigmund
   864 | D:2      | Reached skill level 6 in Ranged Weapons
   864 | D:2      | Reached XP level 4. HP: 14/22 MP: 5/5
   864 | D:2      | Reached XP level 5. HP: 16/25 MP: 6/6
  1132 | D:2      | Found a snail-covered altar of Cheibriados.
  1133 | D:2      | Noticed Robin
  1137 | D:2      | Killed Robin
  1161 | D:2      | Reached XP level 6. HP: 20/30 MP: 7/7
  1253 | D:2      | Found a faded altar of an unknown god.
  1316 | D:2      | 1316 ||| READING scroll labelled NAOTAF QAXY.
  1316 | D:2      | 1316 ||| IDENTIFYING clear potion
  1317 | D:2      | 1317 ||| READING 4 scrolls labelled INWYBB ZIMIUWK.
  1318 | D:2      | 1318 ||| READING scroll labelled RUNOH QOILLAKI.
  1319 | D:2      | 1319 ||| DROPPING 3 scrolls of noise.
  1320 | D:2      | 1320 ||| DROPPING potion of attraction.
  1754 | D:3      | Noticed Terence
  1763 | D:3      | Killed Terence
  1982 | D:3      | 1982 ||| DROPPING ring of flight.
  1983 | D:3      | 1983 ||| UPGRADING to ring of poison resistance.
  1984 | D:3      | 1984 ||| READING scroll labelled HOIKITWINOW.
  2085 | D:3      | 2085 ||| READING scroll labelled PEODESTUXEED.
  2085 | D:3      | 2085 ||| ENCHANTING +0 shortbow.
  2086 | D:3      | 2086 ||| DRINKING 2 dark potions.
  2087 | D:3      | 2087 ||| DROPPING potion of brilliance.
  2136 | D:4      | Noticed a hornet
  2147 | D:4      | Killed a hornet
  2148 | D:4      | Reached XP level 7. HP: 10/35 MP: 8/8
  2711 | D:4      | 2711 ||| READING scroll labelled VIDUAB IHEV.
  2731 | D:5      | Entered Level 5 of the Dungeon
  2786 | D:5      | Found an iron altar of Okawaru.
  2787 | D:5      | 2787 ||| PLANNING OKAWARU WORSHIP
  2797 | D:5      | 2797 ||| FLEEEEING.
  2839 | D:5      | Found Siebb's General Store.
  2848 | D:5      | 2848 ||| SHOPLISTING +6 ring of strength (540 gold, have
                  | 265).
  2848 | D:5      | 2848 ||| SHOPLISTING ring of protection from cold (375
                  | gold, have 265).
  2976 | D:5      | Reached skill level 7 in Ranged Weapons
  3052 | D:5      | 3052 ||| UPGRADING to +5 ring of evasion.
  3053 | D:5      | 3053 ||| READING scroll of identify.
  3053 | D:5      | 3053 ||| IDENTIFYING bubbling puce potion
  3108 | D:5      | Became a worshipper of Warmaster Okawaru
  3109 | D:5      | 3109 ||| PLANNING D:1-11
  3147 | D:5      | 3147 ||| READING scroll of enchant weapon.
  3147 | D:5      | 3147 ||| ENCHANTING +1 shortbow.
  3214 | D:5      | Found a staircase to the Ecumenical Temple.
  3419 | D:5      | Reached skill level 8 in Ranged Weapons
  3613 | D:5      | 3613 ||| READING scroll labelled XULLAL YZUMUGU.
  3614 | D:5      | 3614 ||| DRINKING 2 bubbling clear potions.
  3632 | D:6      | 3632 ||| STAIRDANCE
  3698 | D:6      | 3698 ||| STAIRDANCE
  3752 | D:6      | 3752 ||| STAIRDANCE
  3800 | D:6      | 3800 ||| STAIRDANCE
  3862 | D:6      | 3862 ||| STAIRDANCE
  3922 | D:6      | HP: 1/35 [ice beast (12)]
  3923 | D:6      | 3923 ||| READING scroll of teleportation.
  3933 | D:6      | Reached * piety under Okawaru
  3934 | D:6      | Reached skill level 3 in Fighting
  3934 | D:6      | Reached XP level 8. HP: 4/40 MP: 9/9
  3945 | D:6      | HP: 4/40 [orc/+0 club (3)]
  4277 | D:6      | HP: 5/40 [orc/+0 trident (9)]
  4278 | D:6      | Slain by an orc

Levels and vault maps discovered:
D:1:      dpeg_arrival_chambers_temple_mockup, layout_basic,
          serial_corexii_hall, corexii_hall_statues_x, corexii_hall_statues_s,
          hex_medium
D:2:      layout_rooms, hellmonk_ecumenical_altar_dog_temple, basic_altar,
          chequers_serial_rivers_marsh, minmay_crystal_room, hex_large,
          chequers_serial_rivers_micro_e, uniq_sigmund, uniq_robin
D:3:      layout_loops_cross, reono_crystal_passage, amcnicky_mini_pool_small,
          chequers_serial_rivers_marsh, uniq_terence
D:4:      layout_basic
D:5:      layout_cave_pods, mainiacjoe_overflow_paths, minmay_temple_entry_mist,
          serial_shops, shop
D:6:      layout_gridville, serial_shops, shop, uniq_pikel

Skill      XL: |  1  2  3  4  5  6  7 |
---------------+----------------------+-----
Dodging        | 3 4 7 |  7.5
Ranged Weapons | 6 8 |  8.1
Fighting       | 2 3 |  3.1
Stealth        | |  1.5
Invocations    | |  0.4

Action                     |  1- 3 |  4- 6 |  7- 9 || total
---------------------------+-------+-------+-------++-------
   Fire: Shortbow          |    88 |   144 |   191 ||   423
    Use: Scroll            |     1 |     5 |     5 ||    11
         Potion            |       |     1 |     1 ||     2
 Armour: Robe              |    10 |    24 |    29 ||    63
  Dodge: Dodged            |    32 |    73 |   105 ||   210

Table legend:
 A = Non-vault XP
 B = Vault XP
 C = Vault XP percentage of total XP
 D = Non-vault monster count
 E = Vault monster count
 F = Vault count percentage of total count
                 A         B        C        D         E       F
            +---------+---------+-------+---------+---------+-------
      Total |    1208 |     326 |  21.3 |      93 |      18 |  16.2
            +---------+---------+-------+---------+---------+-------
        D:1 |      44 |       0 |   0.0 |      25 |       0 |   0.0
        D:2 |      54 |     288 |  84.2 |      16 |      17 |  51.5
        D:3 |      28 |      38 |  57.6 |      18 |       1 |   5.3
        D:4 |     385 |       0 |   0.0 |      11 |       0 |   0.0
        D:5 |     427 |       0 |   0.0 |      15 |       0 |   0.0
        D:6 |     270 |       0 |   0.0 |       8 |       0 |   0.0
            +---------+---------+-------+---------+---------+-------
